 Dungeon Crawl Stone Soup version 0.29-a0-824-gd827844 (webtiles) character file.

Game seed: 4745966184956247728

9184 GeorgeSoros the Frost Mage (level 11, -9/62 HPs)
             Began as an Octopode Transmuter on July 8, 2022.
             Was a Priest of Hepliaklqana.
             Mangled by a wraith (11 damage)
             ... on level 11 of the Dungeon.
             The game lasted 01:02:54 (15662 turns).

GeorgeSoros the Frost Mage (Octopode Transmuter)   Turns: 15662, Time: 01:02:54

Health: -9/62      AC:  1    Str: 15    XL:     11   Next: 42%
Magic:  23/23      EV: 16    Int: 20    God:    Hepliaklqana [***...]
Gold:   680        SH:  0    Dex: 13    Spells: 7/14 levels left

rFire   . . .      SeeInvis +   b - +0 longbow
rCold   . . .      Faith    .   (shield currently unavailable)
rNeg    . . .      Spirit   .   (helmet restricted)
rPois   .          Reflect  .   (no amulet)
rElec   .          Harm     .   r - ring of fire
rCorr   .          Rampage  .   u - ring of ice
Will    .....                   y - +6 ring of strength
Stlth   ++........              B - ring of magical power
HPRegen 0.20/turn               C - ring of see invisible
MPRegen 0.18/turn               (no ring)
                                (no ring)
                                (no ring)

@: about to teleport, slowed, invisible, very slow
A: reduced essence, almost no armour, amphibious, 8 rings, camouflage 1,
gelatinous body 1, (nimble swimmer 1), tentacles
a: Renounce Religion, Recall Ancestor, Ancestor Identity, Transference


You were on level 11 of the Dungeon.
You worshipped Hepliaklqana.
Hepliaklqana was most pleased with you.
You visited 2 branches of the dungeon, and saw 12 of its levels.

You collected 680 gold pieces.

Inventory:

Hand Weapons
 a - a +2 dagger of venom
 b - a +0 longbow (weapon)
 A - a +0 whip of electrocution
Missiles
 m - 4 curare-tipped darts
Armour
 c - a +0 kite shield
Jewellery
 r - a ring of fire (left tentacle)
 u - a ring of ice (right tentacle)
 v - the ring of Affall {rPois MP+9 Str+4 Int-5}
   (You found it on level 7 of the Dungeon)

   [ring of poison resistance]

   Str:       It affects your strength (+4).
   Int:       It affects your intelligence (-5).
   rPois:     It protects you from poison.
   MP:        It affects your magic capacity (+9).
 y - a +6 ring of strength (on tentacle)
 B - a ring of magical power (on tentacle)
 C - a ring of see invisible (on tentacle)
 D - a ring of flight
Wands
 j - a wand of paralysis (19)
 q - a wand of roots (9)
 w - a wand of mindburst (4)
Scrolls
 n - a scroll of magic mapping
 x - 2 scrolls of enchant armour
 z - 3 scrolls of identify
Potions
 d - a potion of mutation
 e - 3 potions of lignification
 f - 3 potions of cancellation
 g - 5 potions of attraction
 h - 2 potions of haste
 i - a potion of magic
 k - a potion of invisibility
 l - 6 potions of curing
 o - 2 potions of might
 p - 2 potions of brilliance
 s - a potion of flight


   Skills:
 - Level 4.0 Fighting
 + Level 6.1 Ranged Weapons
 + Level 7.8 Dodging
 - Level 5.8 Shields
 - Level 3.0 Unarmed Combat
 - Level 2.0 Spellcasting
 - Level 9.0 Transmutations
 + Level 9.2 Ice Magic
 + Level 0.3 Evocations


You had 7 spell levels left.
You knew the following spells:

 Your Spells              Type           Power      Damage    Failure   Level
a - Beastly Appendage     Tmut           76%        N/A       1%          1
b - Frozen Ramparts       Ice            100%       1d12      1%          3
c - Ozocubu's Armour      Ice            55%        N/A       1%          3

Your spell library contained the following spells:

 Spells                   Type           Power      Damage    Failure   Level
 Freeze                   Ice            100%       1d11      1%          1
 Wereblood                Tmut           38%        N/A       1%          2
 Ice Form                 Ice/Tmut       55%        N/A       3%          4
 Spider Form              Tmut/Pois      20%        N/A       8%          3
 Hailstorm                Conj/Ice       30%        3d8       24%         4
 Metabolic Englaciation   Hex/Ice        15%        N/A       54%         5
 Animate Dead             Necr           2%         N/A       83%         4
 Simulacrum               Ice/Necr       15%        N/A       98%         6
 Borgnjor's Vile Clutch   Necr/Erth      1%         N/A       99%         5
 Fireball                 Conj/Fire      1%         3d3       99%         5
 Iskenderun's Battlesphe  Conj           2%         2d6       99%         5
 Conjure Ball Lightning   Conj/Air       1%         3x3d6     100%        6
 Death Channel            Necr           1%         N/A       100%        6
 Orb of Destruction       Conj           1%         9d5       100%        7


Dungeon Overview and Level Annotations

Branches:
Dungeon (11/15)            Temple (1/1) D:5             Orc (0/2) D:9
   Lair: D:8-11

Altars:
Ashenzari
Cheibriados
Dithmenos
Elyvilon
Fedhas
Gozag
Hepliaklqana
Kikubaaqudgha
Makhleb
Nemelex Xobeh
Okawaru
Qazlal
Ru
Sif Muna
Trog
Uskayaw
Vehumet
Wu Jian
Xom
Yredelemnul
Zin
The Shining One

Shops:
D:3 [


Innate Abilities, Weirdness & Mutations

Your life essence is reduced to manifest your ancestor. (-10% HP)
You cannot wear most types of armour.
You are amphibious.
You can wear up to eight rings at the same time.
Your skin changes colour to match your surroundings (Stealth+).
Your rubbery body absorbs attacks. (AC +1, EV +1)
((You are camouflaged when in or above water. (Stealth+)))
You have tentacles for arms and can constrict up to eight enemies at once.


Message History

The gnoll attacks as you move away! The gnoll hits you with a +0 club!
Something hits Gaius.
Something drains Gaius's vigour!
Gaius seems to slow down.
Gaius hits the gnoll sergeant with a +0 flail!
Something hits Gaius!
The gnoll attacks as you move away! The gnoll barely misses you.
Something barely misses Gaius.
The gnoll attacks as you move away! The gnoll misses you.
Gaius has departed this plane of existence.
The gnoll barely misses you. The gnoll attacks as you move away!
The gnoll closely misses you.
A wraith comes into view.
The gnoll sergeant hits you from afar with a +0 trident of flaming.
The gnoll sergeant burns you.
The gnoll sergeant hits you from afar with a +0 trident of flaming!
The gnoll sergeant burns you.
An orc priest comes into view. It is wielding a +0 short sword.
The gnoll attacks as you move away! The gnoll barely misses you.
The wraith misses you.
Found 4 gold pieces.
The wraith attacks as you move away! The wraith hits you!
* * * LOW HITPOINT WARNING * * *
The wraith attacks as you move away! The wraith hits you!
* * * LOW HITPOINT WARNING * * *
The wraith drains your vigour!
You feel yourself slow down.
An acid dragon comes into view.
You fade into invisibility!
The gnoll completely misses you. The gnoll sergeant misses you.
The gnoll barely misses you. The wraith closely misses you.
The gnoll sergeant barely misses you. The wraith hits you.
* * * LOW HITPOINT WARNING * * *
The wraith drains your vigour!
You feel as though you will be slow longer.
As you read the scroll of teleportation, it crumbles to dust.
You feel strangely unstable. The wraith closely misses you.
The gnoll completely misses you. The wraith closely misses you.
The gnoll sergeant barely misses you. The gnoll misses you.
The wraith barely misses you. The wraith attacks as you move away!
The wraith hits you!
You die...

##......# ###......#...........
#.....#######..................
#........#.##..................
##..........##.................
###.##.....>....#................
.^.....##.......#................
..).....##.......................
..))..........................#..
................@....... .....#..
...##.........ggWW...... ........
.[###...............###. ........
#. ##...........#.....# ........
...#.................... ..
...#.................$..
................###D#...
.................. ##...
##.........######.. ..


You could see 2 wraiths, an acid dragon (wandering, unable to see you), a gnoll
sergeant (unable to see you) and a gnoll (unable to see you).

Vanquished Creatures
  Pikel (D:8)
  Grinder (D:4)
  Eustachio (D:4)
  10 yaks
  A shadow (D:7)
  2 wyverns
  2 wargs (D:11)
  A water moccasin (D:7)
  2 ice beasts
  2 sky beasts (D:7)
  An ogre (D:4)
  4 centaurs
  A lemure (D:8)
  Blork the orc (D:4)
  2 kobold brigands
  5 bullfrogs
  2 necrophages
  4 scorpions
  A gnoll sergeant (D:10)
  5 wights
  2 killer bees (D:9)
  A howler monkey (D:10)
  4 hounds
  3 orc priests
  4 jellies
  2 iguanas
  11 orc wizards
  13 adders
  4 gnolls
  A white imp (D:7)
  An ufetubus (D:5)
  A dart slug (D:1)
  28 orcs
  5 ball pythons
  8 bats
  4 endoplasms
  4 giant cockroaches
  9 goblins
  7 hobgoblins
  7 quokkas
  3 frilled lizards
  21 kobolds
  3 rats
  A bush (D:1)
196 creatures vanquished.

Vanquished Creatures (collateral kills)
  A hydra (D:10)
  A two-headed ogre (D:9)
  A manticore (D:11)
  A shadow (D:11)
  A wyvern (D:10)
  An orc warrior (D:10)
  A black bear (D:7)
  An ice beast (D:7)
  2 centaurs
  A bullfrog (D:8)
  A kobold brigand (D:8)
  4 wights (D:8)
  4 killer bees (D:9)
  3 howler monkeys
  A jelly (D:7)
  3 orc priests
  2 orc wizards
  3 gnolls (D:11)
  10 orcs
  6 kobolds
48 creatures vanquished.

Vanquished Creatures (others)
  A knight (D:11)
  An ancestor (D:7)
  A quokka (D:5)
  4 plants (D:1)
7 creatures vanquished.

Grand Total: 251 creatures vanquished

Notes
Turn   | Place    | Note
-------+----------+-------------------------------------------
     0 | D:1      | GeorgeSoros the Octopode Transmuter began the quest for the
                  | Orb.
     0 | D:1      | Reached XP level 1. HP: 13/13 MP: 3/3
   137 | D:1      | Reached XP level 2. HP: 18/18 MP: 3/5
   347 | D:1      | Upgraded the game from 0.29-a0-823-gc37b157 to
                  | 0.29-a0-824-gd827844
   627 | D:1      | Reached XP level 3. HP: 24/24 MP: 6/6
   754 | D:1      | Found a faded altar of an unknown god.
  1197 | D:2      | Reached skill level 1 in Shields
  1497 | D:2      | Reached XP level 4. HP: 19/29 MP: 5/7
  1501 | D:2      | Learned a level 3 spell: Frozen Ramparts
  2638 | D:3      | Noticed a +0 dagger
  2639 | D:3      | Found a hide-covered altar of Uskayaw.
  2639 | D:3      | Noticed a +0 hand axe
  2666 | D:3      | Reached skill level 1 in Ice Magic
  2666 | D:3      | Reached XP level 5. HP: 35/35 MP: 6/8
  2964 | D:3      | Found a sparkling altar of Nemelex Xobeh.
  2968 | D:3      | Found Rylaovue's Armour Shop.
  3021 | D:3      | Found an iron altar of Okawaru.
  3688 | D:4      | You fall into a shaft and drop 1 floor!
  3688 | D:5      | Entered Level 5 of the Dungeon
  3845 | D:4      | Reached XP level 6. HP: 15/41 MP: 9/9
  5494 | D:4      | Noticed Grinder
  5499 | D:4      | Paralysed by Grinder for 4 turns
  5507 | D:4      | Reached XP level 7. HP: 46/46 MP: 10/10
  5508 | D:4      | Killed Grinder
  5679 | D:4      | Noticed Eustachio
  5762 | D:4      | Killed Eustachio
  5763 | D:4      | Reached skill level 5 in Transmutations
  5770 | D:4      | Reached skill level 5 in Dodging
  5968 | D:4      | Reached XP level 8. HP: 52/52 MP: 11/11
  6424 | D:4      | Noticed Blork the orc
  6454 | D:4      | Killed Blork the orc
  6462 | D:4      | Found a shimmering blue altar of Sif Muna.
  6808 | D:5      | Identified the +0 robe of Darpholur {Int+2}
  6855 | D:5      | Found a blossoming altar of Fedhas.
  7028 | D:5      | Found a staircase to the Ecumenical Temple.
  7171 | Temple   | Entered the Ecumenical Temple
  7353 | Temple   | Became a worshipper of Hepliaklqana the Forgotten
  7610 | D:5      | Reached skill level 5 in Ice Magic
  7822 | D:5      | Found a white marble altar of Elyvilon.
  8139 | D:5      | Found an ancient bone altar of Kikubaaqudgha.
  8347 | D:5      | Found a burning altar of Makhleb.
  8349 | D:5      | Found a shimmering altar of Xom.
  8349 | D:5      | Found a hide-covered altar of Uskayaw.
  8351 | D:5      | Found a shimmering blue altar of Sif Muna.
  8351 | D:5      | Found a sparkling altar of Nemelex Xobeh.
  8351 | D:5      | Found an opulent altar of Gozag.
  8674 | D:6      | Learned a level 3 spell: Ozocubu's Armour
  8789 | D:6      | Reached XP level 9. HP: 40/57 MP: 7/12
  9774 | D:6      | Reached * piety under Hepliaklqana
 10276 | D:7      | Found an ornate altar of the Wu Jian Council.
 10466 | D:7      | Reached skill level 1 in Ranged Weapons
 10518 | D:7      | Reached XP level 10. HP: 52/56 MP: 4/13
 10615 | D:7      | Identified the ring of Affall {rPois MP+9 Str+4 Int-5}
 11201 | D:7      | Found a faded altar of an unknown god.
 11201 | D:7      | Found a faded altar of an unknown god.
 11209 | D:7      | Found a stormy altar of Qazlal.
 11213 | D:7      | Found a snail-covered altar of Cheibriados.
 11215 | D:7      | Found a broken altar of Ashenzari.
 11439 | D:8      | Reached ** piety under Hepliaklqana
 11440 | D:8      | Remembered your ancestor Gaius as a knight
 11899 | D:8      | Noticed a two-headed ogre
 12226 | D:8      | Noticed Pikel
 12231 | D:8      | Killed Pikel
 12470 | D:8      | Identified the +4 dagger "Kilasiax" {vorpal, Will- Str+10
                  | Int-4 Dex+3}
 12564 | D:9      | Noticed a two-headed ogre
 12571 | D:9      | Killed a two-headed ogre
 12572 | D:9      | Reached skill level 5 in Shields
 13165 | D:9      | Found a staircase to the Orcish Mines.
 13186 | D:9      | Reached XP level 11. HP: 46/62 MP: 14/14
 13473 | D:9      | Found an opulent altar of Gozag.
 13478 | D:9      | Reached skill level 5 in Ranged Weapons
 13711 | D:10     | Entered Level 10 of the Dungeon
 14181 | D:10     | Found a basalt altar of Yredelemnul.
 14184 | D:10     | Found a sacrificial altar of Ru.
 14381 | D:11     | Noticed a four-headed hydra
 14508 | D:11     | Reached *** piety under Hepliaklqana
 15125 | D:11     | Noticed a manticore
 15133 | D:11     | HP: 1/62 [manticore/volley of spikes (19)]
 15134 | D:11     | Killed a manticore
 15347 | D:10     | Killed a four-headed hydra
 15379 | D:11     | Noticed a sun demon
 15659 | D:11     | HP: 1/62 [wraith (4)]
 15662 | D:11     | Mangled by a wraith

Illustrated notes

Levels and vault maps discovered:
D:1:      tarquinn_simple_flora_water_a, layout_rooms,
          dreamdust_ecumenical_altar_angels_and_demons, serial_forest,
          infiniplex_forest_clump_C, infiniplex_forest_straight_2,
          infiniplex_forest_clump_long, infiniplex_forest_corner_1,
          infiniplex_forest_end_2, infiniplex_forest_pool, minmay_crystal_room
D:2:      layout_rooms
D:3:      layout_basic, nemelex_xobeh_ov_fountains_minmay,
          mainiacjoe_overflow_cross_hatched, dancing_weapons_uskayaw,
          serial_shops, nicolae_shop_hallway_plus, kennysheep_generic_room_11
D:4:      minmay_opposing_rooms, layout_loops_cross, tgw_sif,
          ebering_dispersal_statue_hall, uniq_grinder, uniq_eustachio
D:5:      layout_basic, mainiacjoe_overflow_six_doors_small,
          kiku_gazebo_garden_becter, elyvilon_altar_4, doesnt_xom_only_xom,
          minmay_temple_entry_tees, nicolae_ossuary_entry_plus, corner_web_ring,
          minmay_a_box_with_orc_wizards_in_it
D:6:      layout_cave_pools
D:7:      layout_cave_pools, chequers_temple_overflow_minitemple,
          pdpol_wu_jian_five_deadly_venoms, kennysheep_generic_room_12
D:8:      layout_basic, chequers_serial_rivers_micro_d, uniq_pikel
D:9:      layout_basic, mainiacjoe_overflow_alcove_4,
          minmay_orc_entry_temple_small, minmay_curled_crystal
D:10:     layout_gridville, chequers_temple_overflow_statue_of_worship
D:11:     layout_cave_pools, erik_lair_orcish_takeover
Temple:   hellmonk_temple_beads

Skill      XL: |  1  2  3  4  5  6  7  8  9 10 11 |
---------------+----------------------------------+-----
Shields        | 1 3 5 |  5.8
Fighting       | 2 3 4 |  4.0
Transmutations | 3 4 5 6 7 9 |  9.0
Dodging        | 3 4 5 6 7 |  7.8
Ice Magic      | 1 2 4 5 7 8 9 |  9.2
Ranged Weapons | 2 4 6 |  6.1
Unarmed Combat | |  3.0
Spellcasting   | |  2.0
Evocations     | |  0.3

Action                   |  1- 3 |  4- 6 |  7- 9 | 10-12 || total
-------------------------+-------+-------+-------+-------++-------
Melee: Unarmed           |    24 |       |       |       ||    24
       Kick              |    16 |    25 |    32 |     1 ||    74
       Constrict         |    17 |    26 |    27 |     4 ||    74
       Tentacles         |    85 |    22 |    40 |     7 ||   154
       Dagger            |   237 |   113 |   125 |    11 ||   486
       Punch             |    15 |     2 |     6 |       ||    23
 Fire: Sling             |    13 |    39 |    84 |       ||   136
       Longbow           |       |       |     8 |   171 ||   179
 Cast: Beastly Appendage |    13 |    20 |    17 |     1 ||    51
       Frozen Ramparts   |       |       |    35 |    29 ||    64
       Ozocubu's Armour  |       |       |     3 |     5 ||     8
Invok: Recall Ancestor   |       |       |       |     5 ||     5
       Ancestor Life: Kn |       |       |       |     1 ||     1
Evoke: Wand              |       |     3 |     8 |     8 ||    19
  Use: Scroll            |     1 |     3 |    12 |     9 ||    25
       Potion            |       |       |       |     3 ||     3
 Stab: Sleeping          |     3 |     2 |     2 |       ||     7
Armor: Skin              |     2 |     9 |     9 |    10 ||    30
Dodge: Dodged            |    49 |    74 |   111 |    88 ||   322

Table legend: (Time is in decaauts)
 A = Elapsed time spent in this place.
 B = Non-inter-level travel time spent in this place.
 C = Inter-level travel time spent in this place.
 D = Time resting spent in this place.
 E = Time spent auto-exploring this place.
 F = Levels seen in this place.
 G = Mean time per level.
                   A        B        C        D        E       F      G
               +--------+--------+--------+--------+--------+-----+--------+
         Total |  15767 |  15099 |    668 |   3342 |   8942 |  12 | 1313.9 |
       Dungeon |  15566 |  14912 |    654 |   3342 |   8856 |  11 | 1415.1 |
        Temple |    200 |    186 |     14 |      0 |     86 |   1 |  200.0 |
               +--------+--------+--------+--------+--------+-----+--------+

Top non-repeatable levels by time:
     D:4: 2819 daAuts
     D:5: 1696 daAuts
    D:10: 1642 daAuts
     D:6: 1577 daAuts
     D:7: 1513 daAuts
     D:3: 1475 daAuts
     D:1: 1332 daAuts
     D:9: 1272 daAuts
     D:2: 1125 daAuts
     D:8: 861 daAuts
    D:11: 249 daAuts
  Temple: 200 daAuts
